 Dungeon Crawl Stone Soup version 0.23.2-1-ga50397a (webtiles) character file.

Game seed: 12512494042001182947

88 Kahibar the Conjurer (level 4, 0/24 HPs)
             Began as a Deep Elf Conjurer on May 18, 2019.
             Killed by divine providence
             ... invoked by an orc priest
              (13 damage)
             ... on level 3 of the Dungeon.
             The game lasted 00:23:30 (2818 turns).

Kahibar the Conjurer (Deep Elf Conjurer)            Turns: 2818, Time: 00:23:31

Health: 0/24       AC:  2    Str:  5    XL:     4   Next: 30%
Magic:  2/12       EV: 13    Int: 21    God:
Gold:   117        SH:  0    Dex: 15    Spells: 7/11 levels left

rFire    . . .     SeeInvis .   a - +1 dagger (venom)
rCold    . . .     Gourm    .   (no shield)
rNeg     . . .     Faith    .   m - +0 robe
rPois    .         Spirit   .   (no helmet)
rElec    .         Reflect  .   (no cloak)
rCorr    .         Harm     .   (no gloves)
MR       .....                  (no boots)
Stlth    ++........             (no amulet)
HPRegen  0.08/turn              (no ring)
MPRegen  0.13/turn              (no ring)

@: no status effects
A: no striking features
a: no special abilities


You were on level 3 of the Dungeon.
You were hungry.

You visited 1 branch of the dungeon, and saw 3 of its levels.

You collected 117 gold pieces.

Inventory:

Hand Weapons
 a - a +1 dagger of venom (weapon)
 g - a +0 dagger
Missiles
 i - 73 stones (quivered)
 o - 4 javelins
 t - 67 bolts
 x - 13 arrows
Armour
 h - a +0 robe
 m - a +0 robe (worn)
Jewellery
 d - a cursed ring of ice {unknown}
 u - an uncursed amulet of the gourmand {unknown}
Scrolls
 b - a scroll of teleportation {unknown}
 e - a scroll of noise {unknown}
 k - 2 scrolls of identify {unknown}
 n - a scroll of enchant armour {unknown}
 p - a scroll of fog {unknown}
 r - 2 scrolls of remove curse {unknown}
 s - a scroll of immolation {unknown}
 w - a scroll of amnesia {unknown}
Potions
 f - a potion of invisibility {unknown}
 j - 2 potions of mutation {unknown}
 l - a potion of heal wounds {unknown}
 q - a potion of might {unknown}
 v - a potion of lignification {unknown}
Comestibles
 c - 7 rations


   Skills:
 + Level 2.7 Dodging
 * Level 3.0 Stealth
 - Level 1.0 Unarmed Combat
 * Level 4.0 Spellcasting
 * Level 5.3 Conjurations


You had 7 spell levels left.
You knew the following spells:

 Your Spells              Type           Power        Failure   Level  Hunger
a - Magic Dart            Conj           ####         1%          1    None
b - Dazzling Spray        Conj/Hex       ###...       12%         3    ###....

Your spell library contained the following spells:

 Spells                   Type           Power        Failure   Level  Hunger
 Searing Ray              Conj           ####..       1%          2    #......
 Confusing Touch          Hex            #.....       12%         1    None
 Iskenderun's Mystic Bla  Conj           ####....     13%         4    ####...
 Confuse                  Hex            #.......     34%         3    ###....
 Gell's Gravitas          Tloc           #.........   34%         3    ###....
 Force Lance              Conj/Tloc      ###.....     36%         4    ####...
 Fulminant Prism          Conj/Hex       ###.......   36%         4    ####...
 Petrify                  Tmut/Erth      #.......     75%         4    ####...
 Metabolic Englaciation   Hex/Ice        #.........   97%         5    ######.
 Yara's Violent Unravell  Hex/Tmut       #.........   97%         5    ######.


Dungeon Overview and Level Annotations

Branches:
Dungeon (3/15)

Altars:
Nemelex Xobeh

Annotations:
D:3 1 runed translucent door, Crazy Yiuf, Terence


Message History

Casting: Magic Dart (safe; 1% risk of failure)
Confirm with . or Enter, or press ? or * to list all spells.
Aiming: Magic Dart (safe; 1% risk of failure)
Press: ? - help, Shift-Dir - straight line, f/p - orc warrior
Aim: an orc warrior, wielding a +0 halberd and wearing a +0 plate armour (lightly wounded, blind, hasn't noticed you)
The magic dart hits the orc warrior.
The orc warrior is lightly wounded.
The orc wizard gestures wildly while chanting.
The orc wizard blinks!
The orc warrior barely misses you.
The orc priest calls upon Beogh to heal the orc warrior.
The orc warrior's wounds heal themselves!
The orc warrior is no longer blind.
The orc priest invokes the aid of Beogh against you.
Beogh smites you! The orc warrior barely misses you.
The orc priest mumbles some strange prayers to Beogh against you.
Beogh smites you!
Ouch! That really hurt!
You die...

##...........#.#.o.oo..o
#.....
.............#.#o#######
###.#.
############.#.#o# ...#.
...............#.#
#.##..
############.###.# #. ..
...............#o# # #..
############<#.#.# #.. #
#.......#.#.# .. #
#.###..##.#@# # #.#
#..##.#.# #.###..##.#.#
#.........#.########
#.##.####.#........#
##.##.######..#####.#
#...#......#..# #.#
#...########..# #.#
#...#.........# #.#


You could see an orc warrior and 2 orc priests.

Vanquished Creatures
  2 adders
  3 worms
  4 dart slugs
  A leopard gecko (D:2)
  An orc (D:3)
  2 giant cockroaches
  3 goblins
  5 hobgoblins
  7 jackals
  A quokka (D:2)
  2 ball pythons
  4 bats
  4 frilled lizards (D:2)
  7 kobolds
  5 rats
51 creatures vanquished.

Notes
Turn   | Place    | Note
-------+----------+-------------------------------------------
     0 | D:1      | Kahibar the Deep Elf Conjurer began the quest for the Orb.
     0 | D:1      | Reached XP level 1. HP: 10/10 MP: 6/6
    99 | D:1      | Reached XP level 2. HP: 11/15 MP: 0/8
   784 | D:2      | Reached XP level 3. HP: 19/19 MP: 6/10
   944 | D:2      | Reached skill level 5 in Conjurations
  1203 | D:2      | Found a sparkling altar of Nemelex Xobeh.
  1630 | D:2      | Reached XP level 4. HP: 24/24 MP: 9/11
  1965 | D:3      | Noticed Terence
  2147 | D:3      | Reached skill level 1 in Unarmed Combat
  2398 | D:3      | Found a runed translucent door.
  2399 | D:3      | Noticed Crazy Yiuf
  2800 | D:3      | Learned a level 3 spell: Dazzling Spray
  2803 | D:3      | Noticed an orc warrior
  2818 | D:3      | Killed from afar by an orc priest

Skill      XL: |  1  2  3  4 |
---------------+-------------+-----
Conjurations   | 5 |  5.3
Stealth        | 3 |  3.0
Unarmed Combat | 1 |  1.0
Spellcasting   | 4 |  4.0
Dodging        | |  2.7

Action                   |  1- 3 |  4- 6 || total
-------------------------+-------+-------++-------
Melee: Unarmed           |     4 |       ||     4
 Cast: Magic Dart        |    84 |    22 ||   106
       Dazzling Spray    |       |     2 ||     2
  Eat: Chunk             |     2 |     3 ||     5
Armor: Robe              |     7 |       ||     7
Dodge: Dodged            |    21 |     3 ||    24
